Unix NetHack Version 5.0.0-0 post-release - last build May 10 2026 23:12:36 (d1fa5d53e341ca933230fdaa984d921c805b60aa,branch:main).

Game began 2026-05-11 02:45:08, ended 2026-05-12 03:12:40.

Eldrich, lawful male human Archeologist

                                          ---------          ----------
                                         @-d.......#         |........|
                                         u|.......|#        #.........|
                                         #|*..e..>|#        #--------.-
                                         #-------|-#        ##       #
                                         #       ###         #       #
                                         #         ###       #       #####
                                         #         # `##     #           #
                                         #         #   ##    #           ###
                                         #        ##    ##   ###           #
                                         #        #------.-----#    -------.--
                                         #        #|..........|#    |........|
                                         #        #...........|#    |........|
                               --------- #         |..........-#    |.......<|
                               |........|#         ------------     |........|
                               .........-#                          |........|
                               |........|                           |........|
                               |...{....                            ----------
                               ---------

Eldrich the Field Worker   St:14 Dx:10 Co:12 In:12 Wi:18 Ch:10  Lawful
Dlvl:6  $:171 HP:0(27) Pw:22(22) AC:8  Xp:3 T:2129 

Latest messages:
 The door opens.
 You find a hidden door.
 The door resists!
 The door resists!
 The door resists!
 The door opens.
 The pony kicks!  The pony bites!
 You hit the pony.  The pony kicks!  The pony bites!
 You hit the pony!  The pony kicks!  The pony bites!
 You hit the pony.  The pony kicks!  The pony bites!  The pony kicks!  The pony bites!
 You miss the pony.  The pony kicks!  The pony bites!
 You hit the pony.  The pony turns to flee.
 You swap places with your dog.
 What do you want to use or apply? [ae-i or ?*] g
 What do you want to rub on the stone? [$p or ?*] p
 p - a worthless piece of green glass.
 What do you want to drop? [$a-jm-pr-t or ?*] p
 You drop a worthless piece of green glass.
 Really save? [yn] (n) y
 Saving...
 Restoring save file...
 Hello Eldrich, the human Archeologist, welcome back to NetHack!
 You are beginning to feel hungry.
 What do you want to eat? [d or ?*] ?
 What do you want to eat? [d or ?*] d
 This food really hits the spot!
 You finish eating the food ration.
 The pony kicks!
 The pony bites!
 The pony kicks!
 The pony bites!
 The pony kicks!
 You die...
 Do you want your possessions identified? [ynq] (y) y
 Do you want to see your attributes? [ynq] (y) n
 Do you want an account of creatures vanquished? [ynaq] (y) n
 Do you want to see your conduct and achievements? [ynq] (y) n
 Do you want to see the dungeon overview? [ynq] (y) n

Inventory:
 Coins    ('$')
  $ - 171 gold pieces
 Weapons  (')')
  a - a +2 bullwhip
  n - a +0 scimitar (weapon in right hand)
 Armor    ('[')
  c - an uncursed +0 fedora (being worn)
  j - an uncursed +0 pair of low boots (being worn)
  b - an uncursed +0 leather jacket (being worn)
 Comestibles  ('%')
  d - 6 uncursed food rations
 Scrolls  ('?')
  s - an uncursed scroll of enchant armor
  m - an uncursed scroll of fire
 Potions  ('!')
  t - a cursed potion of polymorph
  o - an uncursed potion of restore ability
 Rings    ('=')
  r - an uncursed -1 ring of protection
 Tools    ('(')
  h - an empty uncursed sack
  e - a +0 pick-axe (alternate weapon; not wielded)
  i - an uncursed tin opener
  f - a tinning kit (0:46)
 Gems/Stones  ('*')
  g - an uncursed touchstone

Eldrich the Archeologist's attributes:

Background:
 You were a Field Worker, a level 3 male human Archeologist.
 You were lawful, nominally on a mission for Quetzalcoatl
 who was opposed by Camaxtli (neutral) and Huhetotl (chaotic).
 You were right-handed.
 You were in the Dungeons of Doom, on level 6.
 You entered the dungeon 2129 turns ago.
 It was nighttime.
 You had 79 experience points, 1 more was needed to attain level 4.

Basics:
 You had 0 out of 27 hit points.
 You had all 22 energy points (spell power).
 Your armor class was 8.
 Your wallet contained 171 zorkmids.
 Autopickup was off.

Final Characteristics:
 Your strength was 14 (limit:18/100).
 Your dexterity was 10 (limit:18).
 Your constitution was 12 (limit:18).
 Your intelligence was 12 (limit:18).
 Your wisdom was 18 (limit:18).
 Your charisma was 10 (limit:18).

Final Status:
 You weren't hungry.
 You were unencumbered.
 You were wielding a saber.
 You were unskilled in saber.

Final Attributes:
 You were devoutly aligned.
 You were telepathic.
 You had automatic searching.
 You were lucky.
 You are dead.

Miscellaneous:
 You didn't encounter any bones levels.
 Total elapsed playing time was 33 minutes and 20 seconds.

Major events:
 Turn
    1: Eldrich the lawful male human Archeologist entered the dungeon
 1108: attained the rank of Field Worker (level 3)
 1475: entered the Gnomish Mines
 2129: killed by a pony

You didn't know any spells.

Skills:
 Fighting Skills
   bare handed combat [Unskilled]
   two weapon combat  [Unskilled]
   riding             [Unskilled]
 Weapon Skills
   dagger             [Unskilled]
   knife              [Unskilled]
   pick-axe           [Basic]
   short sword        [Unskilled]
   saber              [Unskilled]
   club               [Unskilled]
   quarterstaff       [Unskilled]
   sling              [Unskilled]
   dart               [Unskilled]
   boomerang          [Unskilled]
   whip               [Basic]
   unicorn horn       [Unskilled]
 Spellcasting Skills
   attack spells      [Unskilled]
   healing spells     [Unskilled]
   divination spells  [Unskilled]
   matter spells      [Unskilled]

Voluntary challenges:
 Character rerolling was not enabled.
 You were an atheist.
 You never genocided any monsters.
 You never polymorphed an object.
 You never changed form.
 You used no wishes.
Achievements:
 You attained the rank of Field Worker.
 You entered the Gnomish Mines.

 The Dungeons of Doom: levels 1 to 7
    Level 1:
       A fountain.
    Level 2:
       Many fountains.
    Level 3:
    Level 4:
       Some fountains, a grave.
       Stairs down to The Gnomish Mines.
    Level 5:
       Some fountains.
    Level 6: <- You were here.
       A fountain.
       Final resting place for
          you, killed by a pony.
    Level 7:
 The Gnomish Mines:
    Level 5:


Vanquished creatures:
  a paper golem
  a giant ant
  a floating eye
  2 iguanas
  a coyote
  2 hobbits
  a large kobold
  a hobgoblin
  a yellow mold
  a gnome
  a gecko
  3 jackals
  a fox
  2 kobolds
  2 goblins
  2 sewer rats
  7 grid bugs
  4 lichens
  5 newts
39 creatures vanquished.

No species were genocided or became extinct.

Game over:
                       ----------
                      /          \
                     /    REST    \
                    /      IN      \
                   /     PEACE      \
                  /                  \
                  |     Eldrich      |
                  |      171 Au      |
                  | killed by a pony |
                  |                  |
                  |                  |
                  |                  |
                  |       2026       |
                 *|     *  *  *      | *
        _________)/\\_//(\/(/\)/\//\/|_)_______

Goodbye Eldrich the Archeologist...

You died in The Dungeons of Doom on dungeon level 6 with 770 points,
and 171 pieces of gold, after 2129 moves.
You were level 3 with a maximum of 27 hit points when you died.

